 Dungeon Crawl Stone Soup version 0.30-a0-936-ge0d47acfc0 (webtiles) character file.

Game seed: 13490785764202149283

1949848 What the Ecstatic (level 27, 253/253 (309) HPs)
             Began as a Demonspawn Gladiator on Mar 21, 2023.
             Was a Follower of Uskayaw.
             Escaped with the Orb
             ... and 4 runes on Mar 24, 2023!
             The game lasted 14:24:15 (103802 turns).

What the Ecstatic (Demonspawn Gladiator)          Turns: 103802, Time: 14:24:16

HP:   253/253 (309) AC: 46    Str: 28    XL:     27
MP:   48/48         EV: 23    Int: 10    God:    Uskayaw [*.....]
Gold: 2079          SH: 34    Dex: 15    Spells: 19/26 levels left

rFire   . . .      SeeInvis .    a - +9 demon whip (elec)
rCold   x . .      Faith    .    n - +8 tower shield {rN+}
rNeg    + . .      Spirit   .    J - +10 plate armour "Ymeq" {+Inv rC- Str-3 Stlth+}
rPois   +          Reflect  .    w - +2 hat {Will+}
rElec   .          Rampage  .    R - scarf of Filigreed Leaves {shadows, Regen+ Str+3}
rCorr   .          Rage     3%   S - +3 pair of gloves of Duck's Teeth {Regen+ MP+9 Stlth+}
Will    +++..                    (boots unavailable)
Stlth   +                        u - amulet of the acrobat
HPRegen 2.22/turn                e - +5 ring of evasion
MPRegen 0.31/turn                j - +5 ring of evasion

@: hasted, studying Polearms, heavily drained, very quick
A: hooves 3, slimy green scales 3, demonic guardian 3, icemail 2, robust 3,
condensation shield, berserk 1
0: Orb of Zot
}: 4/15 runes: decaying, serpentine, silver, demonic
a: Renounce Religion, Evoke Invisibility, Stomp


You escaped.
You worshipped Uskayaw.
Uskayaw was extremely pleased with you.
You visited 11 branches of the dungeon, and saw 51 of its levels.
You visited Pandemonium 2 times, and saw 7 of its levels.
You visited the Abyss 5 times.
You visited 1 bazaar.
You visited 1 ziggurat, and saw 9 of its levels.
You also visited: Trove, Sewer, Gauntlet and Wizlab.

You collected 9190 gold pieces.
You spent 7111 gold pieces at shops.

Inventory:

Hand Weapons
 a - a +9 demon whip of electrocution (weapon)
 b - the +8 sling of Dawn {drain, rElec rC++ Str-2 Int-5}
   (You found it in a wizard's laboratory)

   Str:       It affects your strength (-2).
   Int:       It affects your intelligence (-5).
   rC:        It greatly protects you from cold.
   rElec:     It insulates you from electricity.
Missiles
 f - 17 silver javelins (quivered)
Armour
 n - a +8 tower shield of positive energy (worn)
 o - a +1 helmet of intelligence
 s - the +0 pair of gloves of Teathrun {Drain rF+++}
   (You found it in a Gauntlet)

   rF:        It renders you almost immune to fire.
   Drain:     It drains your maximum health when unequipped.
 w - a +2 hat of willpower (worn)
 F - a +2 helmet
 J - the +10 plate armour "Ymeq" (worn) {+Inv rC- Str-3 Stlth+}
   (You found it on level 3 of the Lair of Beasts)

   Str:       It affects your strength (-3).
   rC:        It makes you vulnerable to cold.
   +Inv:      It lets you turn invisible.
   Stlth:     It makes you more stealthy.
 R - the scarf of Filigreed Leaves (worn) {shadows, Regen+ Str+3}
   (You found it in a treasure trove)

   Str:       It affects your strength (+3).
   Regen:     It increases your rate of health regeneration.
 S - the +3 pair of gloves of Duck's Teeth (worn) {Regen+ MP+9 Stlth+}
   (You found it in a treasure trove)

   MP:        It affects your magic capacity (+9).
   Regen:     It increases your rate of health regeneration.
   Stlth:     It makes you more stealthy.
Jewellery
 e - a +5 ring of evasion (left hand)
 g - the ring of Maadaunlu {rF+ Will+ AC+4 Dex+3}
   (You found it on level 5 of a ziggurat)

   [ring of protection]

   AC:        It affects your AC (+4).
   Dex:       It affects your dexterity (+3).
   rF:        It protects you from fire.
   Will:      It increases your willpower.
 j - a +5 ring of evasion (right hand)
 l - the necklace of Bloodlust {Fury *Rage Will++ Int-3 Slay+6}
   (You took it off a minotaur on level 2 of the Lair of Beasts)

   [amulet of nothing]

   Fury:      It extends the wearer's berserk rage when killing foes.
   Int:       It affects your intelligence (-3).
   Slay:      It affects your accuracy & damage with ranged weapons and melee
   (+6).
   *Rage:     It berserks you when you make melee attacks (+50% chance).
   Will:      It greatly increases your willpower.
 m - the ring of Hepliaklqana's Esteem {rPois rF+ rC+++ Slay+2}
   (You bought it in a shop on level 2 of the Orcish Mines)

   [ring of poison resistance]

   Slay:      It affects your accuracy & damage with ranged weapons and melee
   (+2).
   rF:        It protects you from fire.
   rC:        It renders you almost immune to cold.
   rPois:     It protects you from poison.
 r - the ring "Yroap" {+Blink rC+ Will+ Str+4 Int+6}
   (You took it off an ironbound preserver on level 5 of the Vaults)

   [ring of intelligence]

   Str:       It affects your strength (+4).
   Int:       It affects your intelligence (+6).
   rC:        It protects you from cold.
   +Blink:    It lets you blink.
   Will:      It increases your willpower.
 u - an amulet of the acrobat (around neck)
 v - an amulet of reflection
 I - the ring of Hesed {rElec rF+ SInv}
   (You found it on level 6 of a ziggurat)

   [ring of protection from fire]

   rF:        It protects you from fire.
   rElec:     It insulates you from electricity.
   SInv:      It lets you see invisible.
 N - an amulet of guardian spirit
 P - a ring of resist corrosion
 Z - a ring of positive energy
Wands
 c - a wand of digging (8)
 q - a wand of iceblast (6)
 K - a wand of mindburst (4)
 W - a wand of quicksilver (7)
Scrolls
 d - 5 scrolls of immolation
 h - 30 scrolls of teleportation
 i - 4 scrolls of magic mapping
 y - 12 scrolls of poison
 E - 9 scrolls of fear
 G - 2 scrolls of noise
 U - 10 scrolls of fog
 V - a scroll of blinking
Potions
 k - 13 potions of attraction
 p - 8 potions of cancellation
 t - 12 potions of curing
 x - a potion of invisibility
 z - 11 potions of flight
 A - 8 potions of ambrosia
 B - 13 potions of lignification
 D - a potion of haste
 L - 5 potions of magic
 O - 4 potions of heal wounds
 Q - 5 potions of berserk rage
 T - a potion of resistance
Miscellaneous
 C - a lightning rod (4/4)


   Skills:
 * Level 24.0 Fighting
 * Level 19.4 Maces & Flails
 + Level 3.9 Polearms
 + Level 15.0 Ranged Weapons
 + Level 4.7 Throwing
 + Level 17.7 Armour
 * Level 13.4 Dodging
 + Level 11.4 Stealth
 + Level 21.8 Shields
 + Level 15.5 Necromancy
 * Level 25.3 Invocations
 + Level 4.5 Evocations


You had 19 spell levels left.
You knew the following spells:

 Your Spells              Type           Power      Damage    Failure   Level
a - Passwall              Tmut/Erth      0%         N/A       99%         2
b - Agony                 Necr           31%        N/A       16%         5

Your spell library contained the following spells:

 Spells                   Type           Power      Damage    Failure   Level
 Necrotise                Necr           100%       1d9       1%          1
 Vampiric Draining        Necr           31%        2d8       1%          3
 Animate Dead             Necr           31%        N/A       6%          4
 Kiss of Death            Conj/Necr      60%        2d10      14%         1
 Death Channel            Necr           15%        N/A       65%         6
 Anguish                  Hex/Necr       7%         N/A       80%         4
 Apportation              Tloc           0%         N/A       98%         1
 Beastly Appendage        Tmut           0%         N/A       98%         1
 Freeze                   Ice            0%         1d3       98%         1
 Magic Dart               Conj           0%         1d3       98%         1
 Slow                     Hex            0%         N/A       98%         1
 Sting                    Tmut/Pois      0%         1d3       98%         1
 Summon Small Mammal      Summ           0%         N/A       98%         1
 Borgnjor's Vile Clutch   Necr/Erth      7%         N/A       98%         5
 Ensorcelled Hibernation  Hex/Ice        0%         N/A       99%         2
 Momentum Strike          Conj/Tloc      0%         3d8       99%         2
 Poisonous Vapours        Pois/Air       0%         N/A       99%         2
 Scorch                   Fire           0%         2d5       99%         2
 Searing Ray              Conj           0%         2d4       99%         2
 Wereblood                Tmut           0%         N/A       99%         2
 Call Canine Familiar     Summ           0%         N/A       100%        3
 Confusing Touch          Hex            0%         N/A       100%        3
 Dazzling Flash           Conj/Hex       0%         N/A       100%        3
 Frozen Ramparts          Ice            0%         1d1       100%        3
 Gell's Gravitas          Tloc           0%         N/A       100%        3
 Hailstorm                Conj/Ice       0%         3d3       100%        3
 Ignite Poison            Fire/Tmut/Pois 0%         N/A       100%        3
 Inner Flame              Hex/Fire       0%         N/A       100%        3
 Kindle Blastsparks       Fire/Tloc/Air  0%         2d10      100%        3
 Ozocubu's Armour         Ice            0%         N/A       100%        3
 Portal Projectile        Hex/Tloc       0%         N/A       100%        3
 Spider Form              Tmut/Pois      0%         N/A       100%        3
 Swiftness                Air            0%         N/A       100%        3
 Teleport Other           Tloc           0%         N/A       100%        3
 Tukima's Dance           Hex            0%         N/A       100%        3
 Cause Fear               Hex            0%         N/A       100%        4
 Flame Wave               Conj/Fire      0%         2d4       100%        4
 Fulminant Prism          Conj/Hex       0%         3d5       100%        4
 Ice Form                 Ice/Tmut       0%         N/A       100%        4
 Iskenderun's Mystic Bla  Conj/Tloc      0%         2d3       100%        4
 Leda's Liquefaction      Hex/Erth       0%         N/A       100%        4
 Manifold Assault         Tloc           0%         N/A       100%        4
 Olgreb's Toxic Radiance  Pois           0%         N/A       100%        4
 Passage of Golubria      Tloc           0%         N/A       100%        4
 Sticky Flame             Conj/Fire      0%         2d3       100%        4
 Summon Ice Beast         Ice/Summ       0%         N/A       100%        4
 Alistair's Intoxication  Tmut/Pois      0%         N/A       100%        5
 Blade Hands              Tmut           0%         N/A       100%        5
 Fireball                 Conj/Fire      0%         3d3       100%        5
 Freezing Cloud           Conj/Ice/Air   0%         6-21      100%        5
 Irradiate                Conj/Tmut      0%         3d11      100%        5
 Iskenderun's Battlesphe  Conj           0%         2d6       100%        5
 Silence                  Hex/Air        0%         N/A       100%        5
 Summon Forest            Summ/Tloc      0%         N/A       100%        5
 Summon Mana Viper        Hex/Summ       0%         N/A       100%        5
 Yara's Violent Unravell  Hex/Tmut       0%         3d3       100%        5
 Conjure Ball Lightning   Conj/Air       0%         3x3d6     100%        6
 Dispersal                Tloc           0%         N/A       100%        6
 Eringya's Noxious Bog    Tmut/Pois      0%         N/A       100%        6
 Iron Shot                Conj/Erth      0%         9d1       100%        6
 Simulacrum               Ice/Necr       7%         N/A       100%        6
 Starburst                Conj/Fire      0%         6d3       100%        6
 Summon Cactus Giant      Summ           0%         N/A       100%        6
 Dragon Form              Tmut           0%         N/A       100%        7
 Enfeeble                 Hex            0%         N/A       100%        7
 Monstrous Menagerie      Summ           0%         N/A       100%        7
 Orb of Destruction       Conj           0%         9d5       100%        7
 Ozocubu's Refrigeration  Ice            0%         4d7       100%        7
 Spellforged Servitor     Conj/Summ      0%         N/A       100%        7
 Summon Hydra             Summ           0%         N/A       100%        7
 Discord                  Hex            0%         N/A       100%        8
 Disjunction              Tloc           0%         N/A       100%        8
 Ignition                 Fire           0%         3d3       100%        8
 Lehudib's Crystal Spear  Conj/Erth      0%         10d2      100%        8
 Dragon's Call            Summ           0%         N/A       100%        9
 Polar Vortex             Ice            0%         N/A       100%        9


Dungeon Overview and Level Annotations

Branches:
Dungeon (15/15)            Temple (1/1) D:4            Lair (5/5) D:8
  Swamp (4/4) Lair:2        Snake (4/4) Lair:3        Slime (0/5) Lair:5
    Orc (2/2) D:11            Elf (3/3) Orc:2        Vaults (5/5) D:14
  Crypt (3/3) Vaults:3       Tomb (0/3) Crypt:3      Depths (4/4) D:15
    Zot (5/5) Depths:4      Sewer (visited)          WizLab (visited)
Gauntlet (visited)

Altars:
Ashenzari
Cheibriados
Dithmenos
Fedhas
Gozag
Hepliaklqana
Kikubaaqudgha
Makhleb
Nemelex Xobeh
Okawaru
Qazlal
Ru
Sif Muna
Trog
Uskayaw
Vehumet
Wu Jian
Xom
Yredelemnul
Lugonu

Shops:
D:5 !   D:11 [   Orc:1 [   Orc:2 [[=*   Elf:2 [   Elf:3 =   Snake:1 [(!(:
Snake:3 **   Snake:4 **   Vaults:1 *(*(   Vaults:2 (   Vaults:4 (
Vaults:5 ![:!

Portals:
Hell: Depths:1 Depths:2 Depths:3 Depths:4
Abyss: Lair:5 Depths:2 Depths:3
Pandemonium: Depths:2

Annotations:
Zot:1 1 runed translucent door, 3 exclusions, Ivui's ghost, legendary GrMo
Zot:2 1 runed translucent door, MacCMillion's ghost, veteran MiFi
Zot:5 1 transporter, 1 runed translucent door, Sisiakhle's ghost, legendary KoDe


Innate Abilities, Weirdness & Mutations

You have hooves in place of feet.
You are completely covered in slimy green scales. (AC +4, rPois)
A powerful demonic guardian rushes to your aid.
A meltable icy envelope protects you from harm. (AC +8)
You are extremely robust. (+30% HP)
A meltable shield of frost defends you. (SH +4)
You sometimes lose your temper in combat.


Message History

The seraph shouts a warning to its allies!
A cherub comes into view.
It is wielding a +2 long sword of flaming.
The seraph shouts a warning to its allies!
The cherub sings a powerful hymn!
The angels go into a battle-frenzy!
There is a stone staircase leading up here.
The seraph gestures.
The seraph begins to accept its allies' injuries.
The seraph gestures.
The seraph gestures.
The seraph begins to accept its allies' injuries.
The seraph gestures.
You block the angel's attack. x2
The daeva calls down the wrath of the Shining One upon you.
The Shining One smites you!
You feel yourself speed up.
The angel dissolves into sparkling lights!
The cherub sings a powerful hymn!
The angels go into a battle-frenzy!
The daeva calls down the wrath of the Shining One upon you.
The Shining One smites you!
The seraph gestures.
The seraph begins to accept its allies' injuries.
The seraph no longer looks unusually strong.
The cherub sings a powerful hymn!
The seraph goes into a battle-frenzy!
The seraph gestures.
The seraph begins to accept its allies' injuries.
Your extra speed is starting to run out.
You feel yourself slow down.
The seraph shouts a warning to its allies!
The seraph shouts a warning to its allies!
The seraph shouts a warning to its allies!
There is a stone staircase leading up here.
You climb upwards.
There is a stone staircase leading down here.
You feel yourself speed up.
There is an open door here.
There is a staircase leading out of the dungeon here.
You have escaped!

#..#
#...........#
#..#
######'####.#
##..#
##≈♣.♣≈##.#
....#
#≈≈♣.♣≈≈#.#
##.##
#≈~♣.♣≈≈#.# #.#
#≈♣...♣~#.# #.#
#♣.....♣#.# #.#
######>#.#.##.#
#.#
#...####@####.#
#.# #.### ###
#.# #.# #.# #.#
#.# #.# #.# #.#
#.####### #.#
#.# #.......#
#.##### #.#
##.####.#
#.....# #.#
##.#.###.#
#####.#
#.#####.###.##.#
#.#


There were no monsters in sight!

Vanquished Creatures
  5 pandemonium lords (Pan)
  8 ancient liches
  5 orbs of fire
  3 dread liches
  Mennas (Pan)
  Boris (twice) (Depths:3 Crypt:3)
  the Lernaean hydra (Swamp:4)
  Vv (Zot:3)
  3 Killer Klowns
  3 curse toes
  16 golden dragons
  A bone dragon (Zig:7)
  3 electric golems
  10 Brimstone Fiends (Pan)
  Mlioglotl (Snake:4)
  16 Ice Fiends (Pan)
  26 Orb Guardians
  Zenata (Crypt:3)
  4 Hell Sentinels
  23 tentacled monstrosities
  A moon troll (WizLab)
  A deep elf blademaster (Elf:3)
  Asterion (Depths:1)
  9 quicksilver dragons
  7 liches
  2 walking frostbound tomes (Depths:2)
  2 sphinxes
  11 death cobs
  2 deep elf master archers (Elf:3)
  10 Executioners
  15 tentacled starspawn
  Gastronok (Lair:3)
  7 ancient champions
  Agnes (Elf:1)
  8 tengu reavers
  A thorn hunter (Swamp:3)
  Donald (Swamp:2)
  6 nagarajas
  14 storm dragons
  3 shadow dragons
  9 draconian monks
  A fenstrider witch (Swamp:2)
  3 revenants
  3 demonspawn warmongers (Pan)
  6 fire giants
  3 draconian knights
  11 frost giants
  4 iron dragons
  A quicksilver elemental (Zig:6)
  7 deep elf sorcerers
  10 balrugs (Pan)
  25 vault wardens
  8 draconian scorchers
  An angel (Abyss:2)
  5 ghost moths
  The ghost of Frosty the Severer, a journeyman MiAE of Hepliaklqana (Swamp:3)
  4 deep elf elementalists (Elf:3)
  A caustic shrike zombie (Crypt:3)
  6 ghouls
  3 draconian shifters
  23 ironbound preservers
  Louise (Snake:2)
  4 curse skulls
  Aizul (Snake:1)
  4 draconian stormcallers (Zot:1)
  6 cacodemons
  A broodmother (Zig:8)
  An orc warlord (Vaults:2)
  5 demonspawn blood saints (Pan)
  9 reapers (Pan)
  5 war gargoyles
  17 stone giants
  7 ironbound thunderhulks
  10 draconian annihilators
  8 demonspawn corrupters (Pan)
  A caustic shrike skeleton (Crypt:2)
  3 vampire knights
  31 very ugly things
  The ghost of glosham the Eclecticist, a journeyman MeDe of Vehumet (D:13)
  26 black draconians
  14 dire elephants
  8 deep elf demonologists (Elf:3)
  15 green draconians
  8 deep elf annihilators
  A minotaur (Lair:2)
  9 yellow draconians
  8 bunyips
  7 demonspawn black suns (Pan)
  2 eleionomae (Swamp:1)
  13 lorocyprocas (Pan)
  9 purple draconians
  12 red draconians
  3 iron golems (Zig:6)
  19 white draconians
  A merfolk impaler (Depths:4)
  12 eidola
  18 blizzard demons (Pan)
  8 deep elf death magi
  5 green deaths (Pan)
  A crystal guardian (WizLab)
  6 ettins
  8 fire dragons
  A mummy priest (Depths:1)
  4 jiangshi
  4 entropy weavers
  33 vault guards
  12 yaktaur captains
  6 deep elf high priests
  2 ghost crabs (Swamp:4)
  3 rakshasas
  22 hydras
  10 great orbs of eyes
  2 juggernaut simulacra (Pan)
  4 ogre magi
  3 ice dragons
  7 ironbound frosthearts
  Erica (D:8)
  A quicksilver dragon skeleton (Crypt:3)
  3 salamander tyrants
  6 spriggan air magi
  A peacekeeper (Vaults:3)
  3 catoblepae
  2 hell beasts (Pan)
  A spriggan skeleton (Crypt:1)
  Erolcha (Orc:1)
  A bennu zombie (Crypt:1)
  6 alligators
  8 anacondas
  17 two-headed ogres
  A satyr (shapeshifter) (Vaults:4)
  12 centaur warriors
  A death yak (shapeshifter) (Vaults:4)
  10 naga warriors
  4 death knights
  A fenstrider witch skeleton (Crypt:2)
  7 boulder beetles
  An orc high priest (Orc:2)
  3 tengu warriors
  11 death yaks
  5 deep troll earth magi
  30 dancing weapons
  4 deep troll shamans
  6 shock serpents
  5 vampire magi
  44 soul eaters
  12 naga sharpshooters
  7 spriggan berserkers
  18 deep elf knights
  Urug (D:12)
  11 thrashing horrors
  2 hell knights
  2 iron trolls (Depths:3)
  A crystal echidna (Zig:6)
  44 sun demons
  6 salamander mystics
  14 skeletal warriors
  A golden dragon zombie (Depths:2)
  A titan skeleton (Crypt:1)
  4 wretched stars
  A bunyip zombie (Crypt:3)
  7 glowing orange brains
  6 goliath frogs
  10 sixfirhies
  2 shadow wraiths
  4 death drakes
  A skyshark (Lair:5)
  3 spriggan druids
  2 storm dragon skeletons
  3 flayed ghosts
  4 shadow demons (Pan)
  6 bog bodies
  69 deep trolls
  A spatial maelstrom (Zig:4)
  2 orange crystal statues
  An orb spider (Zig:8)
  A ghost moth zombie (Crypt:2)
  A harpy (shapeshifter) (D:14)
  An obsidian statue (Zot:5)
  5 naga ritualists
  19 deep elf archers
  7 necromancers
  A bunyip skeleton (Crypt:1)
  11 swamp dragons
  5 phantasmal warriors
  8 wizards
  19 ironbound convokers
  4 lindwurms (Vaults:1)
  25 deep elf zephyrmancers
  10 orc knights
  A shadow dragon zombie (Crypt:2)
  8 harpies
  A jorogumo zombie (Crypt:3)
  A fire giant zombie (Crypt:1)
  30 deep elf pyromancers
  8 orc sorcerers
  7 mana vipers
  An oklob plant (Orc:1)
  8 manticores
  18 salamanders
  2 wolf spiders (Vaults:5)
  7 cyclopes
  2 manticores (shapeshifter)
  A will-o-the-wisp (Swamp:1)
  23 moths of wrath
  5 worldbinders (Abyss:2)
  6 elephants
  45 ugly things
  4 human skeletons
  An eleionoma skeleton (Crypt:1)
  14 vault sentinels
  A dire elephant zombie (Crypt:3)
  A toenail golem (Pan)
  Joseph (D:7)
  A centaur skeleton (Crypt:3)
  3 stone giant skeletons
  17 naga magi
  An apocalypse crab (Abyss:2)
  6 guardian serpents
  40 smoke demons
  5 ice statues (Pan)
  2 guardian serpents (shapeshifter)
  3 rust devils
  A naga zombie (Crypt:3)
  A frost giant skeleton (Depths:2)
  22 demonic crawlers
  32 black mambas
  An elephant slug zombie (Crypt:1)
  5 eyes of devastation (WizLab)
  A naga skeleton (Crypt:1)
  4 hellions (Pan)
  The ghost of zammaz the Ruffian, a novice DrTm (D:5)
  3 torpor snails
  4 orange demons
  A dire elephant skeleton (Crypt:3)
  A gargoyle (D:13)
  11 cane toads
  8 unseen horrors
  An efreet (Abyss:2)
  6 komodo dragons
  2 rime drakes
  6 tengu conjurers
  6 freezing wraiths
  29 yaktaurs
  6 red devils
  5 ancient zymes
  3 meliai (Lair:3)
  A guardian mummy (Crypt:1)
  11 tormentors
  A merfolk (shapeshifter) (Vaults:1)
  16 hornets
  2 polar bears
  A queen bee (Lair:3)
  2 tarantellas
  8 trolls
  A bloated husk (Swamp:4)
  7 ice devils (Pan)
  7 tyrant leeches
  A troll (shapeshifter) (Elf:2)
  7 saltlings (Orc:2)
  2 hellwings
  2 spectral guardian serpents (Crypt:3)
  13 raiju (Abyss:2)
  31 blink frogs
  10 dream sheep (Lair:5)
  A jumping spider (shapeshifter) (Lair:5)
  12 flying skulls
  A jumping spider (Zig:8)
  23 slime creatures
  Sigmund (D:4)
  An ettin skeleton (Vaults:2)
  2 shadows
  24 water elementals
  27 spriggans
  5 wraiths
  2 vampires
  A culicivora (shapeshifter) (Lair:5)
  5 air elementals
  17 ynoxinuls
  A tyrant leech zombie (Crypt:3)
  20 humans (D:14)
  A slime creature zombie (Crypt:3)
  9 wyverns
  A fire bat (Abyss:2)
  51 yaks
  11 basilisks
  A black mamba skeleton (Crypt:2)
  4 golden eyes (WizLab)
  28 chaos spawn
  47 large abominations
  5 fire elementals
  7 vampire mosquitoes
  21 neqoxecs
  A redback (shapeshifter) (Vaults:4)
  42 nagas
  3 wargs (Orc:2)
  A glowing shapeshifter zombie (Depths:2)
  16 swamp worms
  10 water moccasins
  3 acid dragons
  2 deep troll zombies (Crypt:2)
  Duvessa (D:7)
  6 hell hounds (Abyss:2)
  8 swamp drakes
  A fire bat skeleton (Crypt:1)
  A glowing shapeshifter skeleton (Crypt:3)
  28 small abominations
  13 orc warriors
  3 human zombies
  4 black bears
  5 boggarts (Vaults:2)
  14 ogres
  A swamp dragon skeleton (Crypt:2)
  14 wolves
  10 centaurs
  2 phantoms
  A kobold brigand (D:6)
  A gnoll sergeant (D:10)
  17 bullfrogs
  3 necrophages
  5 scorpions
  A wyvern zombie (Crypt:3)
  A yaktaur skeleton (Crypt:1)
  7 earth elementals
  8 wights
  Dowan (D:7)
  38 killer bees
  4 howler monkeys
  6 electric eels (Lair:2)
  A lava snake (Lair:3)
  A jelly (D:4)
  4 quasits (Abyss:2)
  An iron imp (Abyss:2)
  11 orc priests
  45 starcursed masses
  A gnoll bouda (D:7)
  5 hounds
  3 iguanas
  A black bear skeleton (Crypt:3)
  12 hell rats
  Crazy Yiuf (D:7)
  A scorpion zombie (Crypt:3)
  5 sleepcaps
  13 orc wizards
  A deep dwarf zombie (Crypt:2)
  5 mummies (Crypt:1)
  9 adders
  8 gnolls
  2 river rats (Lair:3)
  2 shadow imps
  A white imp (D:6)
  3 ufetubi
  6 worms
  A dart slug (D:3)
  46 orcs
  7 bats (D:1)
  4 endoplasms
  13 giant cockroaches
  10 goblins
  11 hobgoblins
  4 jackals (D:1)
  10 kobolds
  19 quokkas
  11 ball pythons
  12 frilled lizards
  A gnoll zombie (Crypt:1)
  3 rats
  A pillar of salt (Orc:2)
  9 starspawn tentacles
2843 creatures vanquished.

Vanquished Creatures (collateral kills)
  A Tzitzimitl (Pan)
  An Ice Fiend (Pan)
  A deep elf blademaster (Elf:3)
  A tentacled starspawn (WizLab)
  Frances (D:13)
  A draconian scorcher (Zot:2)
  A draconian knight (Zot:5)
  An emperor scorpion (Zig:8)
  A balrug (Pan)
  2 cacodemons
  A vault warden (Vaults:4)
  A draconian shifter (Depths:4)
  A demonspawn blood saint (Pan)
  A demonspawn black sun (Pan)
  3 white draconians
  2 yellow draconians
  A deep elf death mage (Elf:3)
  2 red draconians
  A vault guard (Vaults:5)
  A hydra (Swamp:1)
  A salamander tyrant (Snake:3)
  A radroach (Zig:8)
  2 dancing weapons (Elf:1)
  2 large abominations (Abyss:2)
  5 soul eaters (Pan)
  A naga sharpshooter (Snake:3)
  4 sun demons (Pan)
  A pharaoh ant (Zig:8)
  A naga ritualist (Snake:3)
  A deep elf archer (Elf:3)
  A wizard (Vaults:4)
  A steelbarb worm (Zig:8)
  A golden dragon skeleton (Crypt:1)
  An orc knight (Orc:2)
  A deep elf pyromancer (Elf:3)
  A deep elf zephyrmancer (Elf:2)
  A salamander (Snake:1)
  An orc sorcerer (Orc:2)
  7 black mambas
  A demonic crawler (Zig:8)
  A cane toad (Lair:3)
  2 hellions
  2 yaktaurs (Vaults:4)
  A tormentor (Pan)
  5 starcursed masses
  2 trolls (Orc:2)
  A polar bear (Lair:5)
  4 yaks
  A chaos spawn (Pan)
  A basilisk (Lair:2)
  A golden eye (WizLab)
  2 nagas
  An orc warrior (Orc:2)
  An ogre (D:4)
  A small abomination (Abyss:2)
  3 bullfrogs
  2 lava snakes (Lair:3)
  An orc priest (Orc:2)
  3 orcs
  2 bushes (Abyss:2)
  A fire vortex (Pan)
  A lurking horror (Abyss:2)
  A starspawn tentacle (WizLab)
100 creatures vanquished.

Vanquished Creatures (others)
  A dread lich (Vaults:5)
  A pandemonium lord (Pan)
  A golden dragon (Zot:3)
  A tentacled monstrosity (Vaults:5)
  An ironbound thunderhulk (Vaults:3)
  A spriggan defender (Swamp:3)
  A black draconian (Zot:1)
  A purple draconian (Zot:5)
  A red draconian (Depths:4)
  A blizzard demon (Pan)
  A deep elf death mage (Elf:3)
  A vault guard (Vaults:5)
  A soul eater (Pan)
  3 deep elf knights
  A naga ritualist (Snake:3)
  A wizard (Vaults:4)
  A deep elf zephyrmancer (Elf:1)
  A salamander (Snake:3)
  A demonic crawler (Pan)
  A tormentor (Pan)
  A bloated husk (Swamp:1)
  4 hornets
  7 spriggans
  A chaos spawn (Pan)
  A naga (Snake:3)
  A swamp drake (Swamp:4)
  An ufetubus (Abyss:2)
  7 demonic plants
  A fire vortex (Pan)
  4 foxfires (Swamp:1)
  51 fungi
  4 lurking horrors (Abyss:2)
  A pillar of salt (Orc:2)
  129 plants
  46 starspawn tentacles
  2 withered plants (Zot:5)
283 creatures vanquished.

Grand Total: 3226 creatures vanquished

Notes
Turn   | Place    | Note
-------+----------+-------------------------------------------
     0 | D:1      | What the Demonspawn Gladiator began the quest for the Orb.
     0 | D:1      | Reached XP level 1. HP: 16/16 MP: 1/1
   160 | D:1      | Gained mutation: A weak demonic guardian rushes to your
                  | aid. [demonic ancestry]
   160 | D:1      | Reached XP level 2. HP: 22/22 MP: 2/2
   634 | D:1      | Reached XP level 3. HP: 27/27 MP: 3/3
  1053 | D:2      | Reached skill level 1 in Ranged Weapons
  1265 | D:2      | Reached XP level 4. HP: 25/34 MP: 4/4
  2134 | D:3      | Noticed a phantom
  2146 | D:3      | Killed a phantom
  2147 | D:3      | Reached skill level 1 in Armour
  2147 | D:3      | Gained mutation: A meltable shield of frost defends you.
                  | (SH +4) [demonic ancestry]
  2147 | D:3      | Reached XP level 5. HP: 39/40 MP: 5/5
  2355 | D:3      | Found a glowing drain.
  2420 | Sewer    | Entered a sewer
  2597 | Sewer    | Found the +7 sceptre of Torment {pain, torment}
  2626 | Sewer    | Reached XP level 6. HP: 16/47 MP: 6/6
  3675 | D:4      | Reached skill level 1 in Maces & Flails
  3675 | D:4      | Reached XP level 7. HP: 30/52 MP: 7/7
  3767 | D:4      | Noticed Sigmund
  3796 | D:4      | Killed Sigmund
  4265 | D:4      | Found a faded altar of an unknown god.
  4265 | D:4      | Found a blossoming altar of Fedhas.
  4273 | D:4      | Found a faded altar of an unknown god.
  4275 | D:4      | Found a basalt altar of Yredelemnul.
  4277 | D:4      | Found an ancient bone altar of Kikubaaqudgha.
  4316 | D:4      | Found a staircase to the Ecumenical Temple.
  4321 | D:4      | Gained mutation: You are partially covered in slimy green
                  | scales. (AC +2) [demonic ancestry]
  4321 | D:4      | Reached XP level 8. HP: 61/61 MP: 8/8
  4406 | Temple   | Entered the Ecumenical Temple
  4459 | Temple   | Became a worshipper of Uskayaw the Reveller
  4509 | D:5      | Entered Level 5 of the Dungeon
  4543 | D:5      | Reached * piety under Uskayaw
  4599 | D:5      | Reached ** piety under Uskayaw
  4647 | D:5      | Reached skill level 1 in Invocations
  4667 | D:5      | Found Xicuoxzu's Distillery.
  4675 | D:5      | Bought a potion of flight for 36 gold pieces
  4675 | D:5      | Bought a potion of might for 48 gold pieces
  4675 | D:5      | Bought a potion of degeneration for 12 gold pieces
  4675 | D:5      | Bought a potion of lignification for 36 gold pieces
  4717 | D:5      | Reached skill level 2 in Invocations
  4718 | D:5      | Reached *** piety under Uskayaw
  4722 | D:5      | Reached **** piety under Uskayaw
  4740 | D:5      | Found a runed translucent door.
  4743 | D:5      | Noticed zammaz's ghost (novice DrTm)
  5373 | D:5      | Found a runed translucent door.
  5526 | D:6      | Identified the +0 robe of Deetra {*Corrode rF+ SInv
                  | Archmagi}
  5579 | D:6      | Reached skill level 3 in Invocations
  5742 | D:6      | Reached skill level 5 in Fighting
  5742 | D:6      | Reached skill level 4 in Invocations
  5865 | D:6      | Reached skill level 5 in Ranged Weapons
  5914 | D:6      | Reached skill level 1 in Shields
  5914 | D:6      | Reached XP level 9. HP: 42/68 MP: 12/12
  6462 | D:6      | Found an ornate altar of the Wu Jian Council.
  6953 | D:7      | Noticed Joseph
  6980 | D:7      | Killed Joseph
  6981 | D:7      | Reached skill level 5 in Maces & Flails
  7311 | D:7      | Noticed Dowan
  7311 | D:7      | Noticed Duvessa
  7320 | D:7      | Killed Dowan
  7321 | D:7      | Reached skill level 5 in Invocations
  7325 | D:7      | Killed Duvessa
  7453 | D:7      | Reached skill level 1 in Stealth
  7811 | D:7      | Found Fiocubij's Gadget Gallery.
  8101 | D:7      | Reached skill level 5 in Armour
  8195 | D:7      | Found a runed translucent door.
  8196 | D:7      | Noticed Crazy Yiuf
  8319 | D:7      | Killed Crazy Yiuf
  8512 | D:8      | Noticed a two-headed ogre
  8518 | D:8      | Reached skill level 6 in Invocations
  8519 | D:8      | Noticed Erica
  8520 | D:8      | Killed a two-headed ogre
  8521 | D:8      | Reached XP level 10. HP: 71/76 MP: 14/14
  8524 | D:8      | Reached ***** piety under Uskayaw
  8529 | D:8      | Killed Erica
  8849 | D:8      | Noticed a seven-headed hydra
  8857 | D:8      | Killed a seven-headed hydra
  9087 | D:8      | Identified the +7 dagger of Alotaer {freeze, Dex+3}
  9183 | D:8      | Found a sparkling altar of Nemelex Xobeh.
  9186 | D:8      | Found a stormy altar of Qazlal.
  9187 | D:8      | Found a shimmering altar of Xom.
  9268 | D:8      | Found a staircase to the Lair.
  9596 | D:9      | Reached skill level 7 in Invocations
 10367 | D:9      | Gained mutation: A demonic guardian rushes to your aid.
                  | [demonic ancestry]
 10367 | D:9      | Reached XP level 11. HP: 84/84 MP: 16/16
 10381 | D:9      | You fall into a shaft and drop 1 floor!
 10381 | D:10     | Entered Level 10 of the Dungeon
 10651 | D:10     | Reached skill level 8 in Invocations
 11525 | D:11     | Found Otimn's Armour Emporium.
 11525 | D:11     | Found a staircase to the Orcish Mines.
 11753 | D:11     | Noticed a vault guard
 11766 | D:11     | Killed a vault guard
 11769 | D:11     | Found a portal to a secret trove of treasure.
 11773 | D:11     | You paid a toll of 4 scrolls of blinking to enter a
                  | treasure trove
 11774 | Trove    | Entered a treasure trove
 11831 | Trove    | Found the +7 Kryia's mail coat {PotionHeal*2 rC+}
 11834 | Trove    | Identified the scarf of Leapfrog {+Inv, -Tele Harm SInv}
 11835 | Trove    | Identified the +4 chain mail "Kizigguq" {rN+ Dex+2}
 11839 | Trove    | Identified the scarf of Filigreed Leaves {shadows, Regen+
                  | Str+3}
 11876 | Trove    | Identified the +3 pair of gloves of Duck's Teeth {Regen+
                  | MP+9 Stlth+}
 11878 | Trove    | Identified the +0 scale mail of Misanthropy {rF+ Dex+3
                  | SInv}
 11883 | Trove    | Identified the +0 scale mail of the Old and Reckless {SInv}
 12072 | D:11     | Identified the +1 pair of gloves "Pemm" {Will+}
 12169 | D:12     | Noticed a centaur warrior
 12188 | D:11     | Stash
 12217 | D:12     | Killed a centaur warrior
 12306 | D:12     | Noticed a green ugly thing
 12327 | D:12     | Reached skill level 9 in Invocations
 12333 | D:12     | Killed a green ugly thing
 12469 | D:12     | Gained mutation: You have large cloven feet. [demonic
                  | ancestry]
 12469 | D:12     | Reached XP level 12. HP: 94/94 MP: 18/18
 12518 | D:12     | Noticed a two-headed ogre
 12524 | D:12     | Killed a two-headed ogre
 12570 | D:12     | Noticed Urug
 12579 | D:12     | Killed Urug
 13176 | Lair:1   | Entered Level 1 of the Lair of Beasts
 13841 | Lair:1   | Reached skill level 10 in Invocations
 14208 | Lair:2   | Noticed a death yak
 14209 | Lair:2   | Noticed a death yak
 14224 | Lair:2   | Killed a death yak
 14226 | Lair:2   | Killed a death yak
 14382 | Lair:2   | Found a gate leading to a gauntlet.
 14441 | Lair:2   | Reached skill level 10 in Maces & Flails
 14479 | Gauntlet | Entered a Gauntlet
 14479 | Gauntlet | Found a large runed translucent door.
 14479 | Gauntlet | Found a large runed translucent door.
 14479 | Gauntlet | Found a large runed translucent door.
 14479 | Gauntlet | Found a large runed translucent door.
 14479 | Gauntlet | Found a large runed translucent door.
 14479 | Gauntlet | Found a large runed translucent door.
 14479 | Gauntlet | Found a runed translucent door.
 14479 | Gauntlet | Found a transporter.
 14479 | Gauntlet | Found a runed translucent door.
 14479 | Gauntlet | Found a large runed translucent door.
 14479 | Gauntlet | Found a large runed translucent door.
 14479 | Gauntlet | Found a large runed translucent door.
 14479 | Gauntlet | Found a large runed translucent door.
 14479 | Gauntlet | Found a large runed translucent door.
 14479 | Gauntlet | Found a large runed translucent door.
 14486 | Gauntlet | Found a runed translucent door.
 14488 | Gauntlet | Found a transporter.
 14490 | Gauntlet | Found a runed translucent door.
 14500 | Gauntlet | Found a transporter.
 14504 | Gauntlet | Found a transporter.
 14520 | Gauntlet | Found a transporter.
 14534 | Gauntlet | Found a transporter.
 14537 | Gauntlet | Found a transporter.
 14541 | Gauntlet | Found a transporter.
 14541 | Gauntlet | Noticed a death yak
 14541 | Gauntlet | Noticed a death yak
 14541 | Gauntlet | Noticed a death yak
 14542 | Gauntlet | Noticed a death yak
 14543 | Gauntlet | Found a runed translucent gate.
 14543 | Gauntlet | Found a runed translucent gate.
 14544 | Gauntlet | Found a large runed translucent door.
 14544 | Gauntlet | Found a large runed translucent door.
 14545 | Gauntlet | Found a runed translucent gate.
 14561 | Gauntlet | Noticed an alligator
 14562 | Gauntlet | an alligator changed into a boulder beetle
 14562 | Gauntlet | Noticed a boulder beetle (glowing shapeshifter)
 14563 | Gauntlet | a boulder beetle changed into a bunyip
 14563 | Gauntlet | Noticed a bunyip (glowing shapeshifter)
 14564 | Gauntlet | Found a transporter.
 14572 | Gauntlet | Found a transporter.
 14572 | Gauntlet | Found a transporter.
 14572 | Gauntlet | a bunyip changed into a satyr
 14572 | Gauntlet | Noticed a satyr (glowing shapeshifter)
 14574 | Gauntlet | Found a large runed translucent door.
 14574 | Gauntlet | Found a large runed translucent door.
 14578 | Gauntlet | a satyr changed into a broodmother
 14578 | Gauntlet | Noticed a broodmother (glowing shapeshifter)
 14579 | Gauntlet | a broodmother changed into a seven-headed hydra
 14579 | Gauntlet | Noticed a seven-headed hydra (glowing shapeshifter)
 14582 | Gauntlet | Noticed a cacodemon
 14583 | Gauntlet | Found a transporter.
 14750 | Gauntlet | Killed a death yak
 14751 | Gauntlet | Reached XP level 13. HP: 102/102 MP: 19/20
 14761 | Gauntlet | Identified the +0 pair of gloves of Teathrun {Drain rF+++}
 14891 | Gauntlet | Identified the staff of death "Faecyafi" {*Corrode rN+
                  | Int+6 Dex+2}
 14905 | Gauntlet | Noticed a minotaur
 14930 | Gauntlet | Identified the +9 long sword "Beawewuh" {venom, rN+}
 15670 | Lair:2   | Killed a minotaur
 15671 | Lair:2   | Reached skill level 10 in Fighting
 15860 | Lair:2   | Found a staircase to the Swamp.
 16116 | Lair:3   | Reached skill level 1 in Evocations
 16118 | Lair:3   | Reached skill level 11 in Invocations
 16276 | Lair:3   | Found a staircase to the Snake Pit.
 16525 | Lair:3   | Reached skill level 5 in Dodging
 16683 | Lair:3   | Reached ****** piety under Uskayaw
 16684 | Lair:3   | Reached skill level 10 in Ranged Weapons
 16724 | Lair:3   | Identified the +10 plate armour "Ymeq" {+Inv rC- Str-3
                  | Stlth+}
 16918 | Lair:3   | Noticed Gastronok
 16941 | Lair:3   | Killed Gastronok
 17151 | Lair:3   | Gained mutation: You are mostly covered in slimy green
                  | scales. (AC +3) [demonic ancestry]
 17151 | Lair:3   | Reached XP level 14. HP: 111/111 MP: 22/22
 17756 | Lair:4   | Reached skill level 12 in Invocations
 18311 | Lair:5   | Entered Level 5 of the Lair of Beasts
 18702 | Lair:5   | Reached skill level 5 in Shields
 20292 | Lair:5   | Found a corrupted altar of Lugonu.
 20292 | Lair:5   | Found a one-way gate to the infinite horrors of the Abyss.
 20325 | Lair:5   | Identified the +8 spear "Xuosael" {elec, Fragile rC++ Str+2
                  | SInv}
 20567 | Lair:5   | Found a staircase to the Slime Pits.
 21261 | Orc:1    | Entered Level 1 of the Orcish Mines
 21279 | Orc:1    | Found Lon Iru's Antique Armour Shop.
 21513 | Orc:1    | Noticed Erolcha
 21528 | Orc:1    | Killed Erolcha
 21756 | Orc:2    | Entered Level 2 of the Orcish Mines
 21756 | Orc:2    | Found a staircase to the Elven Halls.
 22209 | Orc:2    | Gained mutation: A meltable icy envelope protects you from
                  | harm. (AC +8) [demonic ancestry]
 22209 | Orc:2    | Reached XP level 15. HP: 120/120 MP: 24/24
 22361 | Orc:2    | Found Textusee's Assorted Antiques.
 22370 | Orc:2    | Reached skill level 13 in Invocations
 22442 | Orc:2    | Found Fuliann's Jewellery Shop.
 22452 | Orc:2    | Bought the ring of Hepliaklqana's Esteem {rPois rF+ rC+++
                  | Slay+2} for 1006 gold pieces
 22461 | Orc:2    | Bought a scroll of teleportation for 105 gold pieces
 22461 | Orc:2    | Bought a scroll of teleportation for 105 gold pieces
 22500 | Orc:2    | Paralysed by an orc sorcerer for 5 turns
 22567 | Orc:2    | Found Nuennak's Armour Shoppe.
 22828 | Orc:2    | Found Etablid's Antique Armour Boutique.
 22850 | Orc:2    | Bought a masterwork chain mail for 199 gold pieces
 22850 | Orc:2    | Identified the +6 chain mail of the Tarantula {Harm Rampage
                  | rPois Str-3} (You bought it in a shop on level 2 of the
                  | Orcish Mines)
 23038 | Orc:1    | You fall into a shaft and drop 1 floor!
 23108 | Elf:1    | Entered Level 1 of the Elven Halls
 23221 | Elf:1    | Found a magical portal.
 23257 | WizLab   | Entered Lehudib's Moon Base
 23276 | WizLab   | Noticed a tentacled starspawn
 23285 | WizLab   | Killed a tentacled starspawn
 23324 | WizLab   | Paralysed by a great orb of eyes for 4 turns
 23382 | WizLab   | Found a transporter.
 23414 | WizLab   | Noticed a tentacled starspawn
 23414 | WizLab   | Paralysed by a great orb of eyes for 4 turns
 23431 | WizLab   | Paralysed by a great orb of eyes for 3 turns
 23440 | WizLab   | Killed a tentacled starspawn
 23658 | WizLab   | Noticed a tentacled starspawn
 23670 | WizLab   | Killed a tentacled starspawn
 23789 | WizLab   | Noticed a tentacled starspawn
 23809 | WizLab   | Reached skill level 10 in Armour
 23814 | WizLab   | Killed a tentacled starspawn
 24004 | WizLab   | Noticed a quicksilver dragon
 24014 | WizLab   | Killed a quicksilver dragon
 24078 | WizLab   | Noticed a tentacled starspawn
 24103 | WizLab   | Gained mutation: You sometimes lose your temper in combat.
                  | [a cacodemon]
 24314 | WizLab   | Noticed a tentacled starspawn
 24316 | WizLab   | Noticed a tentacled starspawn
 24323 | WizLab   | Killed a tentacled starspawn
 24330 | WizLab   | Killed a tentacled starspawn
 24358 | WizLab   | Found a transporter.
 24391 | WizLab   | Noticed a tentacled starspawn
 24402 | WizLab   | Killed a tentacled starspawn
 24440 | WizLab   | Noticed a tentacled starspawn
 24447 | WizLab   | Killed a tentacled starspawn
 24448 | WizLab   | Reached skill level 14 in Invocations
 24475 | WizLab   | Gained mutation: You have hoof-like feet. [demonic
                  | ancestry]
 24475 | WizLab   | Reached XP level 16. HP: 130/130 MP: 26/26
 24633 | WizLab   | Noticed a quicksilver dragon
 24644 | WizLab   | Killed a quicksilver dragon
 24956 | WizLab   | Noticed a moon troll
 24982 | WizLab   | Gained mutation: Armour fits poorly on your strangely
                  | shaped body. [a cacodemon]
 24998 | WizLab   | Noticed a tentacled starspawn
 25006 | WizLab   | Killed a tentacled starspawn
 25054 | WizLab   | Killed a moon troll
 25119 | WizLab   | Identified the +8 sling of Dawn {drain, rElec rC++ Str-2
                  | Int-5}
 25121 | WizLab   | Identified the +6 chain mail of Bitterness {Fly rC- rN++
                  | Str+2}
 25122 | WizLab   | Identified the orb of Melancholy {*Rage, Will+}
 25174 | WizLab   | Got Lehudib's Exposition on Transformed Metal
 25211 | Elf:1    | Paralysed by an air elemental for 1 turns
 25216 | Elf:1    | Paralysed by an air elemental for 1 turns
 25245 | Elf:1    | Paralysed by an air elemental for 1 turns
 25472 | Elf:1    | Noticed Agnes
 25763 | D:11     | Lost mutation: You sometimes lose your temper in combat.
                  | [potion of mutation]
 25763 | D:11     | Lost mutation: Armour fits poorly on your strangely shaped
                  | body. [potion of mutation]
 25763 | D:11     | Gained mutation: You are agile. (Dex +4, Str/Int -1)
                  | [potion of mutation]
 25914 | Snake:1  | Entered Level 1 of the Snake Pit
 25932 | Snake:1  | Found Ymeqace's Armour Shop.
 25948 | Snake:1  | Noticed Aizul
 25964 | Snake:1  | Killed Aizul
 26058 | Snake:1  | Found Zorcho's Magic Scroll Shoppe.
 26066 | Snake:1  | Bought a scroll of identify for 24 gold pieces
 26066 | Snake:1  | Bought a scroll of teleportation for 36 gold pieces
 26066 | Snake:1  | Bought a scroll of fear for 48 gold pieces
 26068 | Snake:1  | Found Ageomacuif's Weapon Shoppe.
 26451 | Snake:1  | Found Xeples's Distillery.
 26458 | Snake:1  | Bought a potion of curing for 36 gold pieces
 26458 | Snake:1  | Bought a potion of curing for 36 gold pieces
 26458 | Snake:1  | Bought a potion of might for 48 gold pieces
 26458 | Snake:1  | Bought a potion of resistance for 120 gold pieces
 26464 | Snake:1  | Found Feom Nof's Antique Weapon Boutique.
 26672 | Snake:1  | Found Syuzong's Book Shop.
 27229 | Snake:2  | Reached skill level 1 in Necromancy
 27824 | Snake:2  | Noticed Louise
 27833 | Snake:2  | Killed Louise
 28344 | Snake:3  | Reached skill level 5 in Stealth
 28344 | Snake:3  | Reached skill level 15 in Invocations
 28542 | Snake:3  | Found Cuvvupi's Specific Store.
 28549 | Snake:3  | Found Wutowk's General Store.
 28749 | Snake:3  | Gained mutation: You are completely covered in slimy green
                  | scales. (AC +4, rPois) [demonic ancestry]
 28749 | Snake:3  | Reached XP level 17. HP: 138/139 MP: 28/28
 29437 | Snake:4  | Entered Level 4 of the Snake Pit
 29930 | Snake:4  | Noticed Mlioglotl
 29943 | Snake:4  | Killed Mlioglotl
 30160 | Snake:4  | Found Teegh's Assorted Antiques.
 30165 | Snake:4  | Found Miameyxu's General Store.
 30171 | Snake:4  | Bought a potion of resistance for 160 gold pieces
 30695 | Snake:4  | Got a serpentine rune of Zot
 31124 | D:13     | Found a corrupted altar of Lugonu.
 31197 | D:13     | Reached skill level 5 in Necromancy
 31321 | D:13     | Noticed Frances
 31350 | D:13     | Killed Frances
 31653 | D:13     | Found a large runed translucent door.
 31653 | D:13     | Found a large runed translucent door.
 31653 | D:13     | Noticed glosham's ghost (journeyman MeDe)
 31787 | D:13     | Killed glosham's ghost
 32034 | D:5      | Killed zammaz's ghost
 32514 | D:14     | Reached skill level 16 in Invocations
 32597 | D:14     | Found a gate to the Vaults.
 32602 | Abyss:2  | Cast into level 2 of the Abyss (a wizard)
 32626 | Abyss:2  | Found a corrupted altar of Lugonu.
 32634 | Abyss:2  | Gained mutation: A meltable icy envelope protects you from
                  | harm. (AC +8) [demonic ancestry]
 32634 | Abyss:2  | Reached XP level 18. HP: 127/147 MP: 30/30
 32745 | Abyss:2  | Found a corrupted altar of Lugonu.
 33146 | Abyss:2  | Paralysed by accursed screaming for 1 turns
 33221 | Abyss:2  | Found a corrupted altar of Lugonu.
 33225 | Abyss:2  | Found a corrupted altar of Lugonu.
 33225 | Abyss:2  | Found a corrupted altar of Lugonu.
 33369 | D:14     | Escaped the Abyss
 33445 | D:14     | Identified the +2 trident of Valiance {elec, Dex+2}
 33459 | Vaults:1 | Entered Level 1 of the Vaults
 33490 | Abyss:2  | Cast into level 2 of the Abyss (a wizard)
 33563 | Abyss:2  | Found an iron altar of Okawaru.
 33596 | Abyss:2  | Reached skill level 15 in Fighting
 33930 | Abyss:2  | Reached skill level 10 in Shields
 33977 | Abyss:2  | Found a corrupted altar of Lugonu.
 34147 | Abyss:2  | Found an ancient bone altar of Kikubaaqudgha.
 34161 | Abyss:2  | Found an ancient bone altar of Kikubaaqudgha.
 34161 | Abyss:2  | Found an ancient bone altar of Kikubaaqudgha.
 34370 | Vaults:1 | Escaped the Abyss
 35107 | Vaults:1 | Found Verog's Weapon Shoppe.
 35441 | Vaults:1 | Found Luiwny's General Store.
 35449 | Vaults:1 | Bought a potion of flight for 48 gold pieces
 35449 | Vaults:1 | Bought a scroll of teleportation for 48 gold pieces
 35449 | Vaults:1 | Bought a scroll of silence for 152 gold pieces
 35775 | Vaults:1 | Found Puddery's Antique Weapon Shop.
 35809 | Vaults:1 | Found Bikaot's Assorted Antiques.
 36081 | Vaults:1 | Reached skill level 17 in Invocations
 36844 | D:14     | Reached XP level 19. HP: 155/155 MP: 31/31
 37149 | D:15     | Entered Level 15 of the Dungeon
 37196 | D:15     | Found an iron altar of Okawaru.
 37295 | D:15     | Identified the staff of earth "Giblu" {rPois rN+++ rCorr
                  | Dex+2}
 37665 | D:15     | Found a staircase to the Depths.
 38206 | Swamp:1  | Entered Level 1 of the Swamp
 38803 | Swamp:2  | Noticed Donald
 38831 | Swamp:2  | Killed Donald
 39556 | Swamp:3  | Found a transporter.
 39559 | Swamp:3  | Found a transporter.
 39560 | Swamp:3  | Noticed Frosty's ghost (journeyman MiAE)
 39561 | Swamp:3  | Identified the ring "Esukhut" {Ice Str+2 Int+5}
 39580 | Swamp:3  | Found a bloodstained altar of Trog.
 40068 | Swamp:3  | Killed Frosty's ghost
 40194 | Swamp:4  | Entered Level 4 of the Swamp
 40340 | Swamp:4  | Noticed the 27-headed Lernaean hydra
 40367 | Swamp:4  | Killed the 27-headed Lernaean hydra
 40580 | Swamp:4  | Got a decaying rune of Zot
 40581 | Swamp:4  | Upgraded the game from 0.30-a0-919-g9323dee000 to
                  | 0.30-a0-923-g828ccac5a3
 40706 | Swamp:4  | Reached skill level 15 in Maces & Flails
 40984 | Swamp:4  | Gained mutation: You have hooves in place of feet. [demonic
                  | ancestry]
 40984 | Swamp:4  | Reached XP level 20. HP: 154/164 MP: 32/32
 41673 | D:5      | Bought 2 potions of haste for 240 gold pieces
 41892 | Elf:1    | Reached skill level 18 in Invocations
 41987 | Elf:1    | Killed Agnes
 42235 | Elf:1    | Paralysed by an air elemental for 1 turns
 42440 | Elf:2    | Learned a level 2 spell: Passwall
 42833 | Elf:2    | Found Gyulo's Armour Shop.
 43480 | Elf:2    | Found a huge runed translucent gate.
 43482 | Elf:2    | Found a huge runed translucent gate.
 43487 | Elf:2    | Found a huge runed translucent gate.
 43488 | Elf:2    | Found a huge runed translucent gate.
 43488 | Elf:2    | Found a huge runed translucent gate.
 43988 | Elf:3    | Entered Level 3 of the Elven Halls
 43998 | Abyss:2  | Cast into level 2 of the Abyss (a deep elf demonologist)
 44020 | Abyss:2  | Paralysed by accursed screaming for 1 turns
 44216 | Elf:3    | Escaped the Abyss
 44664 | Elf:3    | Identified the staff of cold "Acluchuyna" {rC+ Will+++
                  | Str+5 Dex-3}
 44664 | Elf:3    | Identified the +0 plate armour "Setyzila" {rPois Int+4}
 44708 | Abyss:2  | Found a corrupted altar of Lugonu.
 44708 | Abyss:2  | Cast into level 2 of the Abyss (a deep elf sorcerer)
 44724 | Abyss:2  | Found a corrupted altar of Lugonu.
 44727 | Abyss:2  | Found a corrupted altar of Lugonu.
 44737 | Abyss:2  | Found a corrupted altar of Lugonu.
 44737 | Abyss:2  | Found a corrupted altar of Lugonu.
 44779 | Abyss:2  | Reached skill level 10 in Necromancy
 44801 | Abyss:2  | Reached XP level 21. HP: 172/173 MP: 34/34
 44880 | Abyss:2  | Found a corrupted altar of Lugonu.
 45097 | Elf:3    | Escaped the Abyss
 45145 | Elf:3    | Identified the +3 pair of boots "Soeno" {rF- rC+ rN+ SInv}
 45159 | Elf:3    | Got An Early Guide to the Revealed Arts
 45167 | Elf:3    | Identified the +4 whip of Fate {flame, rPois}
 45229 | Elf:3    | Identified the +6 rapier of the Jocular God {freeze, rF+}
 45365 | Elf:3    | Identified the staff of air "Papoodu" {rElec Dex+2}
 45471 | Elf:3    | Gained mutation: You are weak. (Str -2) [a neqoxec]
 45479 | Elf:3    | Reached skill level 19 in Invocations
 45809 | Elf:3    | Identified the +5 chain mail of Untruth {Rampage rPois
                  | MP+9}
 46629 | Elf:3    | Found Dutus's Jewellery Shoppe.
 47051 | Vaults:2 | Found Foodghiq's Weapon Boutique.
 49304 | Vaults:3 | Gained mutation: You are robust. (+10% HP) [demonic
                  | ancestry]
 49304 | Vaults:3 | Reached XP level 22. HP: 147/200 MP: 35/35
 49761 | Vaults:3 | Found a staircase to the Crypt.
 50743 | Vaults:4 | Reached skill level 15 in Shields
 51333 | Vaults:4 | Found Koidghun's Weapon Shop.
 52170 | D:11     | Lost mutation: You are agile. (Dex +4, Str/Int -1) [potion
                  | of mutation]
 52170 | D:11     | Lost mutation: You are weak. (Str -2) [potion of mutation]
 52170 | D:11     | Gained mutation: You are dopey. (Int -2) [potion of
                  | mutation]
 52170 | D:11     | Gained mutation: You possess an exceptional clarity of
                  | mind. [potion of mutation]
 52170 | D:11     | Gained mutation: You are agile. (Dex +4, Str/Int -1)
                  | [potion of mutation]
 52466 | D:11     | Lost mutation: You are agile. (Dex +4, Str/Int -1) [potion
                  | of mutation]
 52466 | D:11     | Lost mutation: You are dopey. (Int -2) [potion of mutation]
 52466 | D:11     | Gained mutation: You are strong-willed. (Will+) [potion of
                  | mutation]
 52466 | D:11     | Gained mutation: You are somewhat resistant to further
                  | mutation. [potion of mutation]
 52466 | D:11     | Gained mutation: You are very robust. (+20% HP) [potion of
                  | mutation]
 52546 | Depths:1 | Entered Level 1 of the Depths
 52546 | Depths:1 | Noticed Asterion
 53871 | Depths:1 | Killed Asterion
 54142 | Depths:1 | Found a shimmering blue altar of Sif Muna.
 54195 | Depths:1 | Found a gateway to Hell.
 54210 | Depths:1 | Found a stormy altar of Qazlal.
 54326 | Depths:1 | Found a one-way gateway to a ziggurat.
 54950 | Depths:2 | Reached skill level 20 in Invocations
 54977 | Depths:2 | Paralysed by a vampire knight for 5 turns
 55317 | Depths:2 | Found a broken altar of Ashenzari.
 55567 | Depths:2 | Found a one-way gate leading to the halls of Pandemonium.
 55785 | Depths:2 | Reached XP level 23. HP: 176/230 MP: 37/37
 56845 | Depths:3 | Noticed Boris
 56849 | Depths:3 | Found a sparkling altar of Nemelex Xobeh.
 56874 | Depths:3 | Killed Boris
 57184 | Depths:3 | Reached skill level 15 in Armour
 57674 | Depths:4 | Entered Level 4 of the Depths
 58028 | Depths:4 | Found a flickering gateway to a bazaar.
 58050 | Bazaar   | Entered a bazaar
 58071 | Bazaar   | Found Rorienyh's Antique Armour Shoppe.
 58087 | Bazaar   | Found Xeiteyho's Assorted Antiques.
 58092 | Bazaar   | Bought a scroll of teleportation for 48 gold pieces
 58092 | Bazaar   | Bought a potion of might for 64 gold pieces
 58092 | Bazaar   | Bought a scroll of teleportation for 48 gold pieces
 58103 | Bazaar   | Found Niokeal's Assorted Antiques.
 58103 | Bazaar   | Found Wuabum's Distillery.
 58108 | Bazaar   | Bought a potion of invisibility for 232 gold pieces
 58114 | Bazaar   | Bought a potion of cancellation for 144 gold pieces
 58114 | Bazaar   | Bought a potion of mutation for 144 gold pieces
 58114 | Bazaar   | Bought a potion of haste for 180 gold pieces
 58114 | Bazaar   | Bought a potion of curing for 54 gold pieces
 58114 | Bazaar   | Bought a potion of curing for 54 gold pieces
 58114 | Bazaar   | Bought a potion of heal wounds for 90 gold pieces
 58114 | Bazaar   | Bought a potion of flight for 54 gold pieces
 58177 | Bazaar   | Bought a smoking scale mail for 207 gold pieces
 58177 | Bazaar   | Identified the +3 scale mail of the Kraken {Dex+3} (You
                  | bought it in a shop in a bazaar)
 58961 | Depths:4 | Identified the staff of fire "Veixud" {Fragile rElec rF+
                  | Stlth+}
 59077 | Depths:4 | Identified the +1 troll leather armour of the Desolation of
                  | Salt {+Blink rF- rN+ Will+++ Regen+}
 59332 | Depths:4 | Found a gate to the Realm of Zot.
 59903 | Vaults:5 | Entered Level 5 of the Vaults
 59913 | Vaults:5 | Reached skill level 21 in Invocations
 59913 | Vaults:5 | Reached XP level 24. HP: 200/242 MP: 34/37
 60210 | Vaults:5 | Identified a scroll of acquirement
 60231 | Vaults:5 | Acquired 974 gold pieces
 60386 | Vaults:5 | Found Xuhoib's Book Shoppe.
 60539 | Vaults:5 | Found Wofiac's Distillery.
 60543 | Vaults:5 | Bought a potion of curing for 48 gold pieces
 60543 | Vaults:5 | Bought a potion of haste for 160 gold pieces
 60543 | Vaults:5 | Bought a potion of cancellation for 128 gold pieces
 60543 | Vaults:5 | Bought a potion of haste for 160 gold pieces
 60543 | Vaults:5 | Bought a potion of curing for 48 gold pieces
 60543 | Vaults:5 | Bought a potion of heal wounds for 80 gold pieces
 60543 | Vaults:5 | Bought a potion of might for 64 gold pieces
 60698 | Vaults:5 | Noticed a dread lich
 60706 | Vaults:5 | Paralysed by a dread lich for 3 turns
 60709 | Vaults:5 | Killed a dread lich
 60710 | Vaults:5 | Found Seuroa's Antique Armour Shop.
 60748 | Vaults:5 | Found Ywnohen's Distillery.
 60752 | Vaults:5 | Bought a potion of heal wounds for 105 gold pieces
 60752 | Vaults:5 | Bought 2 potions of curing for 126 gold pieces
 60752 | Vaults:5 | Bought a potion of curing for 63 gold pieces
 60752 | Vaults:5 | Bought a potion of curing for 63 gold pieces
 60752 | Vaults:5 | Bought a potion of curing for 63 gold pieces
 60752 | Vaults:5 | Bought 2 potions of haste for 420 gold pieces
 60774 | Vaults:5 | Identified the ring "Yroap" {+Blink rC+ Will+ Str+4 Int+6}
 60872 | Vaults:5 | Noticed a dread lich
 60888 | Vaults:5 | Killed a dread lich
 60983 | Vaults:5 | Identified the +3 leather armour of Fallacy {rF+ rC- rN++}
 61249 | Vaults:5 | Noticed an ancient lich
 61261 | Vaults:5 | Killed an ancient lich
 61713 | Vaults:5 | Identified the +3 quarterstaff "Pej Xack" {elec, rElec rF+
                  | Stlth+}
 61715 | Vaults:5 | Got a silver rune of Zot
 61912 | Vaults:5 | Identified the +7 short sword of Ragnarok {flame, rPois}
 62015 | Vaults:5 | Identified the staff of conjuration "Ussiaceu" {rPois}
 62057 | Vaults:5 | Got the Reference Book on Teratogeny and Rot
 62343 | Zig:1    | Entered Level 1 of a ziggurat
 62371 | Zig:2    | Entered Level 2 of a ziggurat
 62402 | Zig:3    | Entered Level 3 of a ziggurat
 62472 | Zig:3    | Identified the +6 hand axe of Squeaky Absolution {holy,
                  | MP+9 Str+2 Dex-2 SInv}
 62486 | Zig:4    | Entered Level 4 of a ziggurat
 62618 | Zig:4    | Identified the +5 glaive "Weshys" {freeze, rPois Dex+2}
 62638 | Zig:5    | Entered Level 5 of a ziggurat
 62717 | Zig:5    | Identified the ring of Maadaunlu {rF+ Will+ AC+4 Dex+3}
 62745 | Zig:6    | Entered Level 6 of a ziggurat
 62869 | Zig:6    | Identified the ring of Hesed {rElec rF+ SInv}
 62882 | Zig:7    | Entered Level 7 of a ziggurat
 62903 | Zig:7    | Gained mutation: A powerful demonic guardian rushes to your
                  | aid. [demonic ancestry]
 62903 | Zig:7    | Reached XP level 25. HP: 254/254 MP: 29/37
 63009 | Zig:7    | Identified the staff of conjuration "Ideommel" {rPois rC+
                  | rCorr}
 63010 | Zig:7    | Identified the +2 great mace "Feshrekhla" {holy, *Noise rC+
                  | Dex+2}
 63030 | Zig:8    | Entered Level 8 of a ziggurat
 63252 | Zig:9    | Entered Level 9 of a ziggurat
 63256 | Zig:9    | Noticed a royal mummy
 63607 | Pan      | Entered Pandemonium
 63800 | Pan      | Noticed Hoifie Hesel the pandemonium lord
 63825 | Pan      | Killed Hoifie Hesel the pandemonium lord
 64081 | Pan      | Noticed Mennas
 64529 | Pan      | Killed Mennas
 64879 | Pan      | Identified the +2 flail "Reurphis" {speed, +Blink}
 64947 | Pan      | Reached skill level 22 in Invocations
 65029 | Pan      | Identified the staff of fire "Buocs" {rF+ rC+ MP+9 Int+3}
 68477 | Pan      | Reached skill level 15 in Necromancy
 68891 | Pan      | Noticed Imyfatis the pandemonium lord
 69287 | Pan      | Mutation became permanent: You are robust. (+10% HP)
                  | [demonic ancestry]
 69287 | Pan      | Gained mutation: You are very robust. (+20% HP) [demonic
                  | ancestry]
 69287 | Pan      | Reached XP level 26. HP: 243/266 MP: 38/38
 69329 | Pan      | Killed Imyfatis the pandemonium lord
 69527 | Pan      | Reached skill level 10 in Stealth
 69633 | Pan      | Got a demonic rune of Zot
 69847 | Pan      | Reached skill level 10 in Dodging
 70041 | Pan      | Noticed Vecek the pandemonium lord
 70071 | Pan      | Killed Vecek the pandemonium lord
 71244 | Pan      | Noticed Niopsopne the pandemonium lord
 71271 | Pan      | Killed Niopsopne the pandemonium lord
 71776 | Pan      | Found an exit through the horrors of the Abyss.
 72022 | Depths:2 | Escaped Pandemonium
 72026 | Depths:2 | Upgraded the game from 0.30-a0-923-g828ccac5a3 to
                  | 0.30-a0-928-g7f6bbad527
 72156 | Depths:4 | rN
 73512 | Snake:1  | Bought a scroll of identify for 24 gold pieces
 73512 | Snake:1  | Bought a scroll of noise for 12 gold pieces
 73512 | Snake:1  | Bought a scroll of enchant armour for 90 gold pieces
 73825 | Vaults:1 | Bought a scroll of enchant weapon for 120 gold pieces
 76064 | D:11     | Learned a level 5 spell: Agony
 76882 | Zot:1    | Entered Level 1 of the Realm of Zot
 78062 | Pan      | Entered Pandemonium
 78154 | Pan      | Noticed Bobruff the pandemonium lord
 78174 | Pan      | Killed Bobruff the pandemonium lord
 78319 | Pan      | Reached skill level 23 in Invocations
 79750 | Pan      | Gained mutation: You are highly strong-willed. (Will++) [a
                  | neqoxec]
 80019 | Pan      | Noticed Wommuoss the pandemonium lord
 80042 | Pan      | HP: 11/265 [something the pandemonium lord] (4)]
 80483 | Pan      | Killed Wommuoss the pandemonium lord
 80666 | Pan      | Gained mutation: You are extremely robust. (+30% HP)
                  | [demonic ancestry]
 80666 | Pan      | Reached XP level 27. HP: 270/300 MP: 38/38
 80802 | Pan      | Found an exit through the horrors of the Abyss.
 81147 | Pan      | Identified the +3 leather armour "Cirav" {Str+3}
 81521 | Pan      | Took an exit into the Abyss.
 81521 | Abyss:2  | Escaped into the Abyss
 81526 | Abyss:2  | Found a corrupted altar of Lugonu.
 81538 | Abyss:2  | Found a corrupted altar of Lugonu.
 81593 | Depths:2 | Escaped the Abyss
 82013 | Zot:1    | Found a runed translucent door.
 82013 | Zot:1    | Noticed Ivui's ghost (legendary GrMo)
 83449 | Zot:2    | Found a runed translucent door.
 83451 | Zot:2    | Noticed MacCMillion's ghost (veteran MiFi)
 84081 | Zot:3    | Noticed an orb of fire
 84327 | Zot:3    | Noticed Vv
 84343 | Zot:3    | Gained mutation: You occasionally lose the ability to drink
                  | potions when taking damage. [an orb of fire]
 84664 | Zot:3    | Killed Vv
 84917 | Zot:3    | Killed an orb of fire
 86830 | Zot:4    | Identified the +5 rapier of the Toadstool {pain, rC+ Int+5
                  | Stlth+}
 87102 | Zot:5    | Entered Level 5 of the Realm of Zot
 87244 | Zot:5    | Reached skill level 24 in Invocations
 87783 | Zot:5    | Found a transporter.
 88139 | Zot:5    | Found a runed translucent door.
 88139 | Zot:5    | Noticed Sisiakhle's ghost (legendary KoDe)
 88573 | Zot:5    | Noticed an orb of fire
 88580 | Zot:5    | Killed an orb of fire
 88583 | Zot:5    | Noticed an orb of fire
 88583 | Zot:5    | Noticed an ancient lich
 88588 | Zot:5    | Killed an ancient lich
 88590 | Zot:5    | Killed an orb of fire
 88590 | Zot:5    | Noticed an orb of fire
 88591 | Zot:5    | Noticed a dread lich
 88602 | Zot:5    | Gained mutation: You are weak. (Str -2) [an orb of fire]
 88604 | Zot:5    | Killed an orb of fire
 88634 | Zot:5    | Killed a dread lich
 88757 | Zot:5    | Noticed an ancient lich
 88773 | Zot:5    | Killed an ancient lich
 88810 | Zot:5    | Noticed an ancient lich
 88838 | Zot:5    | Killed an ancient lich
 89197 | Zot:5    | Noticed an ancient lich
 90207 | Zot:5    | Killed an ancient lich
 91619 | Zot:5    | Noticed a dread lich
 91647 | Zot:5    | Noticed an orb of fire
 91656 | Zot:5    | Killed a dread lich
 91657 | Zot:5    | Noticed an ancient lich
 91665 | Zot:5    | Noticed an ancient lich
 91674 | Zot:5    | Killed an orb of fire
 91693 | Zot:5    | Killed an ancient lich
 91910 | Zot:5    | Killed an ancient lich
 93875 | Crypt:1  | Entered Level 1 of the Crypt
 94253 | Orc:1    | Bought a runed helmet for 255 gold pieces
 94883 | Crypt:1  | Reached skill level 25 in Invocations
 95824 | Crypt:2  | Reached skill level 15 in Ranged Weapons
 97764 | Crypt:3  | Entered Level 3 of the Crypt
 98380 | Crypt:3  | Found a staircase to the Tomb.
 98539 | Crypt:3  | Noticed Boris
 98579 | Crypt:3  | Killed Boris
 99410 | Crypt:3  | Noticed Zenata
 99423 | Crypt:3  | Killed Zenata
100342 | Crypt:3  | Noticed an ancient lich
100431 | Crypt:3  | Identified the +7 whip of Circularity {heavy, rElec rC+
                  | Will+}
100446 | Crypt:3  | Killed an ancient lich
100605 | Crypt:3  | Upgraded the game from 0.30-a0-928-g7f6bbad527 to
                  | 0.30-a0-936-ge0d47acfc0
100966 | D:11     | Lost mutation: You are highly strong-willed. (Will++)
                  | [potion of mutation]
100966 | D:11     | Lost mutation: You possess an exceptional clarity of mind.
                  | [potion of mutation]
100966 | D:11     | Lost mutation: You are weak. (Str -2) [potion of mutation]
100966 | D:11     | Gained mutation: Your natural rate of healing is unusually
                  | fast. [potion of mutation]
100967 | D:11     | Lost mutation: You occasionally lose the ability to drink
                  | potions when taking damage. [potion of mutation]
100967 | D:11     | Lost mutation: You are strong-willed. (Will+) [potion of
                  | mutation]
101168 | D:11     | Lost mutation: Your natural rate of healing is unusually
                  | fast. [potion of mutation]
101168 | D:11     | Lost mutation: You are somewhat resistant to further
                  | mutation. [potion of mutation]
101168 | D:11     | Gained mutation: You are weak. (Str -2) [potion of
                  | mutation]
101168 | D:11     | Gained mutation: You passively dampen the noise of your
                  | surroundings. [potion of mutation]
101169 | D:11     | Lost mutation: You are weak. (Str -2) [potion of mutation]
101169 | D:11     | Lost mutation: You passively dampen the noise of your
                  | surroundings. [potion of mutation]
101169 | D:11     | Gained mutation: You have supernaturally acute eyesight.
                  | (SInv) [potion of mutation]
101169 | D:11     | Gained mutation: You are vulnerable to cold. (rC-) [potion
                  | of mutation]
101169 | D:11     | Gained mutation: You are somewhat resistant to further
                  | mutation. [potion of mutation]
101170 | D:11     | Lost mutation: You have supernaturally acute eyesight.
                  | (SInv) [potion of mutation]
101170 | D:11     | Lost mutation: You are somewhat resistant to further
                  | mutation. [potion of mutation]
101170 | D:11     | Lost mutation: You are vulnerable to cold. (rC-) [potion of
                  | mutation]
101170 | D:11     | Gained mutation: You occasionally shout uncontrollably at
                  | your foes. [potion of mutation]
101170 | D:11     | Gained mutation: You are somewhat resistant to further
                  | mutation. [potion of mutation]
101170 | D:11     | Gained mutation: You possess an exceptional clarity of
                  | mind. [potion of mutation]
101171 | D:11     | Lost mutation: You occasionally shout uncontrollably at
                  | your foes. [potion of mutation]
101171 | D:11     | Lost mutation: You are somewhat resistant to further
                  | mutation. [potion of mutation]
101171 | D:11     | Lost mutation: You possess an exceptional clarity of mind.
                  | [potion of mutation]
101171 | D:11     | Gained mutation: Your natural rate of healing is unusually
                  | fast. [potion of mutation]
101171 | D:11     | Gained mutation: Your body sometimes deteriorates upon
                  | taking damage. [potion of mutation]
101171 | D:11     | Gained mutation: You are occasionally teleported next to
                  | monsters. [potion of mutation]
101172 | D:11     | Lost mutation: Your natural rate of healing is unusually
                  | fast. [potion of mutation]
101172 | D:11     | Lost mutation: Your body sometimes deteriorates upon taking
                  | damage. [potion of mutation]
101172 | D:11     | Lost mutation: You are occasionally teleported next to
                  | monsters. [potion of mutation]
101172 | D:11     | Gained mutation: You are agile. (Dex +4, Str/Int -1)
                  | [potion of mutation]
101172 | D:11     | Gained mutation: You have a pair of small horns on your
                  | head. [potion of mutation]
101172 | D:11     | Gained mutation: Your mind is acute. (Int +4, Str/Dex -1)
                  | [potion of mutation]
101173 | D:11     | Lost mutation: Your mind is acute. (Int +4, Str/Dex -1)
                  | [potion of mutation]
101173 | D:11     | Lost mutation: You are agile. (Dex +4, Str/Int -1) [potion
                  | of mutation]
101173 | D:11     | Lost mutation: You have a pair of small horns on your head.
                  | [potion of mutation]
101173 | D:11     | Gained mutation: Your flesh is cold resistant. (rC+)
                  | [potion of mutation]
101173 | D:11     | Gained mutation: You do not regenerate when monsters are
                  | visible. [potion of mutation]
101173 | D:11     | Gained mutation: Your mind is acute. (Int +4, Str/Dex -1)
                  | [potion of mutation]
101174 | D:11     | Lost mutation: Your flesh is cold resistant. (rC+) [potion
                  | of mutation]
101174 | D:11     | Lost mutation: You do not regenerate when monsters are
                  | visible. [potion of mutation]
101174 | D:11     | Gained mutation: You do not regenerate when monsters are
                  | visible. [potion of mutation]
101430 | Vaults:5 | Lost mutation: You do not regenerate when monsters are
                  | visible. [potion of mutation]
101430 | Vaults:5 | Lost mutation: Your mind is acute. (Int +4, Str/Dex -1)
                  | [potion of mutation]
101430 | Vaults:5 | Gained mutation: You occasionally lose the ability to drink
                  | potions when taking damage. [potion of mutation]
101483 | Vaults:5 | Bought a potion of mutation for 168 gold pieces
101483 | Vaults:5 | Bought a potion of mutation for 168 gold pieces
101484 | Vaults:5 | Lost mutation: You occasionally lose the ability to drink
                  | potions when taking damage. [potion of mutation]
101484 | Vaults:5 | Gained mutation: You are weak. (Str -2) [potion of
                  | mutation]
101484 | Vaults:5 | Gained mutation: Your flesh is cold resistant. (rC+)
                  | [potion of mutation]
101485 | Vaults:5 | Lost mutation: You are weak. (Str -2) [potion of mutation]
101485 | Vaults:5 | Lost mutation: Your flesh is cold resistant. (rC+) [potion
                  | of mutation]
101485 | Vaults:5 | Gained mutation: You have a pair of small horns on your
                  | head. [potion of mutation]
101485 | Vaults:5 | Gained mutation: You are dopey. (Int -2) [potion of
                  | mutation]
101962 | Snake:3  | Bought 2 potions of mutation for 272 gold pieces
101964 | Snake:3  | Lost mutation: You are dopey. (Int -2) [potion of mutation]
101964 | Snake:3  | Lost mutation: You have a pair of small horns on your head.
                  | [potion of mutation]
101964 | Snake:3  | Gained mutation: You are dopey. (Int -2) [potion of
                  | mutation]
101964 | Snake:3  | Gained mutation: You are somewhat resistant to further
                  | mutation. [potion of mutation]
101965 | Snake:3  | Lost mutation: You are dopey. (Int -2) [potion of mutation]
101965 | Snake:3  | Lost mutation: You are somewhat resistant to further
                  | mutation. [potion of mutation]
101965 | Snake:3  | Gained mutation: You sometimes lose your temper in combat.
                  | [potion of mutation]
101968 | Snake:3  | Bought a +5 ring of evasion for 612 gold pieces
103139 | Zot:5    | Got the Orb of Zot
103351 | Zot:1    | Noticed a seraph
103351 | Zot:1    | Identified the +0 buckler of Forking Paths {+Blink}
103698 | D:2      | Noticed a seraph
103802 | D:$      | Escaped with the Orb!

Illustrated notes .### #...................# ...# #..........#........##### ...######..........#.#####....... ...................#.# #...#### ...............>...#)# #...#... ...................#[# #...+... ...............∩...).# #...#... ##.#########.........#####...###' #.# #....@[............... #.# #........(............ #.# #...>................. #.#########..................... #...............##############.. #...............# #.. ##...............# #.. .................# #.. .......########### #.. Turn 12188 on D:11: Stash

'#...#.......#....#......)#...#'#
.^.# #.......#[..[#..)))..#.#...#
.#...#.......'....[).[[.))#...#.#
.#####'##################'#####.#
.....#.......#....#.......#[....#
.....#.........~~.........#.....#
.##))#.).......~~.........#['##.#
.#...........#....#...........#.#
.#....########.∩@.########....#.#
'#...)'.)..#...##.).# #....#'#
.##############################..
.#............................#..
##~~~~≈~≈~~~~~~~~~~~~~~~~~~~≈≈###
≈≈≈≈≈≈≈≈≈≈≈≈≈≈~≈~≈≈≈≈≈≈≈≈~~≈≈≈≈≈≈
≈~~≈~~≈~~≈≈~~≈≈~~~≈~~~≈~~~~≈~~~~~
.........P................P......
.......P..........†...........[..


Turn 72156 on Depths:4: rN

Levels and vault maps discovered:
D:1:      saegor_arrival_simple_d, layout_loops_ring
D:2:      layout_loops_ring
D:3:      layout_basic, serial_aquarium, aquarium_bridge_long_separate
          [aquarium_subvault_bridge, aquarium_subvault_bridge,
          aquarium_subvault_window, aquarium_subvault_bridge,
          aquarium_subvault_window, aquarium_subvault_bridge],
          aquarium_window_corner, aquarium_window_1, aquarium_view_2d,
          portal_sewer_entry_f, minmay_checkerbox
D:4:      layout_rooms, chequers_temple_overflow_minitemple,
          minmay_temple_entry_statues_pillars, minmay_tree_intersection,
          uniq_sigmund
D:5:      layout_loops_corners, serial_shops, nicolae_square_shop,
          ebering_ghost_sewer_f
D:6:      layout_basic, lemuel_round_altar
D:7:      layout_loops_corners, chequers_serial_rivers_large_b,
          nicolae_shop_gadgets, uniq_crazy_yiuf_cottage, uniq_duvessa,
          uniq_joseph
D:8:      layout_basic, minitemple, grunt_lair_entry_orc_guard_hut, uniq_erica
D:9:      layout_loops_corners, st_stairs_13, dreamdust_princess_corridor
D:10:     layout_small_grid
D:11:     layout_irregular_city, orc_david_3, enter_trove_5,
          serial_column_ruins, column_ruins_open_medium, column_ruins_grid_1,
          column_ruins_open_medium, column_ruins_corridor_straight,
          column_ruins_grid_1, column_ruins_corridor_straight
D:12:     kb_forest_paths, layout_rooms, zin_angel, uniq_urug
D:13:     layout_roguey, ebering_ghost_disaster_area, tgw_lugonu_bribe,
          uniq_frances
D:14:     layout_irregular_city, grunt_vaults_entry_tiered, bh_walls_and_bars
D:15:     grunt_enter_depths_giant_problem, layout_rooms, okawaru_trees_2,
          amethyst_killhole
Temple:   hellmonk_temple_of_storms
Lair:1:   hellmonk_ruined_rings, layout_regular_city,
          nicolae_quartered_pool_medium, hangedman_lair_unloving_vines
Lair:2:   layout_roguey, nicolae_swamp_entry_splash_gauntlet,
          gauntlet_entry_generic, serial_bayou, serial_bayou_shore_b,
          serial_bayou_pond_d, serial_bayou_shore_a, serial_bayou_lake_a,
          grunt_forest_stairs_clearing
Lair:3:   regret_index_tunnel_blossom, layout_regular_city,
          nicolae_snake_entry_warm_welcome, beast_lair_carwin_7, uniq_gastronok
Lair:4:   layout_roguey
Lair:5:   hellmonk_lair_end_abyssal_woods, layout_regular_city, slime_entry_1,
          wad_woods_03
Swamp:1:  layout_basic_swamp, hangedman_swamp_ruin_wall, swamp_pool1
Swamp:2:  layout_basic_swamp, nicolae_swamp_trees_clearing, uniq_donald
Swamp:3:  layout_basic_swamp, gammafunk_ghost_wrathful_warriors,
          nicolae_swamp_triple_paths
Swamp:4:  swamp_old_school, layout_basic_swamp, swamp_pool4,
          nicolae_swamp_well_well_well
Snake:1:  layout_concentric_octagons, serial_shops, shop_fountains, shop, shop,
          nicolae_shop_stone, nicolae_shop_advertising_works
          [nicolae_subvault_shop_adworks], minmay_shop_star, grunt_megastairs_3,
          uniq_aizul
Snake:2:  layout_chambers, nicolae_integral_box, serial_bayou_shore_b,
          uniq_louise
Snake:3:  layout_cave_town, nicolae_specific_store
Snake:4:  minmay_snake_end_coiled, layout_basic, minmay_shoptagon,
          uniq_mlioglotl
Orc:1:    layout_caves, serial_shops, shop, mines3_lemuel, uniq_erolcha
Orc:2:    hellmonk_orc_salted, layout_caves
Elf:1:    layout_geoelf_octagon, mu_enter_wizlab_4, minivault_28,
          grunt_megastairs_5, uniq_agnes
Elf:2:    elven_hall_of_blades_hangedman_alternative
          [nicolae_vaults_blade_armed_guards], layout_onion_city, serial_shops,
          nicolae_shop_window_shopping
Elf:3:    grunt_elf_hall_spiral, layout_geoelf_grid, serial_shops,
          nicolae_shop_crystal, grunt_ministairs_11, serial_sigils_hangedman_gut
Vaults:1: v_rooms_5, nicolae_vaults_alarming, v_misc_3, vaults_standard_mumra_x,
          nicolae_vaults_asterisk, ontoclasm_vaults_loading_screen,
          vaults_room_grunt_arrival_ludios, layout_vaults_omnigrid,
          serial_shops, shop, shop_fountains, nicolae_shop_hallway_stairs,
          shop_statue
Vaults:2: nicolae_vaults_big_ls, vaults_dpeg_spiral, dpeg_vaults_hating_casters,
          vaults_dpeg_encased_lava, v_misc_5, nicolae_vaults_sealed_display,
          vaults_dpeg_diagonal, nicolae_vaults_rhombus_7, ontoclasm_vaults_chip,
          layout_vaults_omnicross, serial_shops, shop
Vaults:3: v_misc_33, vaults_mumra_minichess, nicolae_vaults_ring_of_whatevers,
          minmay_crypt_entry_simple_corners, vaults_mumra_lcd,
          vaults_room_hallway, hangedman_vaults_snaps,
          nicolae_vaults_mini_display_case, dpeg_vaults_monster_row,
          grunt_vaults_diagonal, nicolae_vaults_circle_grid_a,
          layout_vaults_ring
Vaults:4: ontoclasm_vaults_tryst, v_misc_8, ontoclasm_vaults_fault,
          hangedman_vaults_stitches, nicolae_vaults_specimen_jars,
          nicolae_vaults_network_star, v_alt_pattern_2,
          nicolae_vaults_little_squares_6, layout_vaults_omnibox, serial_shops,
          nicolae_shop_bloodbath_and_beyond
Vaults:5
Crypt:1:  layout_gridlike, grunt_crypt_arrival_guarded_gate
Crypt:2:  layout_gridlike, st_stairs_2, due_unseen_surprise,
          lemuel_upstairs_altar
Crypt:3:  david_glass_crypt, layout_gridlike, nrook_guardian_serpent_ordinary,
          uniq_zenata
Depths:1: layout_forbidden_donut, enter_ziggurat_a, hell_entry,
          nicolae_sif_muna_condensation, chequers_big_river, dk_noncrumbling_3,
          minmay_misc_feat_diagonals, minmay_stone_trees_small, fountainhead,
          hex_medium, grunt_qazlal_clouds, uniq_asterion
Depths:2: minmay_shrinking_squares, layout_cross, grunt_pan_entry_in_and_out,
          nicolae_abyss_entry_one_way_or_another, grunt_hell_entry_dis_grunt,
          evilmike_ruin_ashenzari, dreamdust_wishing_well
Depths:3: kennysheep_blocky_room, layout_basic, hell_entry,
          nemelex_lonely_heart_becter, minmay_room_of_horrors,
          infiniplex_staircase_x
Depths:4: lemuel_castle_with_subvaults [lemuel_castle_interior_carwin_3],
          layout_cave_pools, serial_glass, glass_columns_c, glass_columns_a,
          glass_columns_b, glass_columns_a, glass_columns_a, glass_columns_a,
          serial_shops, bzr_entry_islet, hell_entry, minmay_misc_feat_rugged
Zot:1:    layout_twisted_circle, gammafunk_ghost_grave, drop_trap
Zot:2:    layout_onion_interference, hellmonk_ghost_big_iron
Zot:3:    nicolae_moth_party, layout_onion_interference, uniq_vv
Zot:4:    layout_basic, st_stairs_3
Zot:5:    layout_misc_corridors, gammafunk_ghost_grave, nicolae_diode_basic

Skill      XL: |  1  2  3  4  5  6  7  8  9 10 11 12 13 14 15 16 17 18 19 20 21 22 23 24 25 26 27 |
---------------+----------------------------------------------------------------------------------+-----
Dodging        | 3 4 5 6 7 8 9 10 13 | 13.4
Polearms       | 3 |  3.9
Ranged Weapons | 1 2 3 5 6 7 8 9 10 11 12 13 14 15 | 15.0
Armour         | 1 2 3 4 5 6 7 8 9 10 11 12 13 14 15 16 17 | 17.7
Fighting       | 3 4 5 6 7 8 9 10 11 13 14 15 16 17 18 19 20 21 22 24 | 24.0
Maces & Flails | 1 3 4 5 7 8 10 11 12 13 14 15 16 17 19 | 19.4
Invocations    | 4 6 7 9 10 11 12 14 15 16 17 18 19 20 21 22 23 25 | 25.3
Shields        | 1 2 3 4 5 6 8 9 11 12 13 14 15 16 17 18 19 21 | 21.8
Stealth        | 1 2 3 4 5 6 7 8 9 10 11 | 11.4
Throwing       | 2 3 4 |  4.7
Evocations     | 1 2 3 4 |  4.5
Necromancy     | 2 5 7 8 10 11 12 13 14 15 | 15.5

Action                     |  1- 3 |  4- 6 |  7- 9 | 10-12 | 13-15 | 16-18 | 19-21 | 22-24 | 25-27 || total
---------------------------+-------+-------+-------+-------+-------+-------+-------+-------+-------++-------
  Melee: Trident           |    76 |    10 |       |       |       |       |       |       |       ||    86
         Eveningstar       |       |    28 |    80 |   276 |   840 |   770 |   687 |   770 |  1472 ||  4923
         Punch             |       |       |     1 |     1 |       |       |       |       |       ||     2
         Kick              |       |       |       |       |       |       |   211 |   360 |  1079 ||  1650
         Demon whip        |       |       |       |       |       |       |       |       |   566 ||   566
   Fire: Sling             |    84 |   159 |   221 |   300 |   491 |   487 |   868 |   679 |  1103 ||  4392
  Throw: Throwing net      |       |       |     1 |     2 |     1 |       |       |     1 |       ||     5
         Javelin           |       |       |       |     1 |     8 |     1 |    10 |    15 |    84 ||   119
 Invoke: Stomp             |       |       |    12 |    52 |    83 |   165 |   165 |   227 |   417 ||  1121
         Grand Finale      |       |       |       |       |     1 |     1 |       |       |     1 ||     3
         Line Pass         |       |       |       |       |       |     2 |     1 |     2 |     7 ||    12
  Evoke: Wand              |       |       |     2 |     1 |     7 |       |     2 |    53 |    79 ||   144
         Phial of floods   |       |       |       |       |       |       |       |     1 |       ||     1
    Use: Scroll            |       |     8 |     8 |     5 |     8 |    17 |     5 |     5 |    59 ||   115
         Potion            |       |     1 |     2 |     1 |    18 |    16 |     7 |    12 |    50 ||   107
   Stab: Paralysed         |       |       |     1 |    20 |    36 |    42 |    54 |    51 |    82 ||   286
         Invisible         |       |       |     1 |       |     2 |       |     5 |       |       ||     8
         Held in net/web   |       |       |       |       |     1 |       |       |       |       ||     1
         Sleeping          |       |       |       |       |     4 |     3 |     4 |     2 |       ||    13
         Petrified         |       |       |       |       |     1 |       |       |       |       ||     1
         Distracted        |       |       |       |       |       |     2 |     2 |     2 |    11 ||    17
         Confused          |       |       |       |       |       |       |       |       |     2 ||     2
         Petrifying        |       |       |       |       |       |       |       |       |     1 ||     1
 Armour: Leather armour    |    14 |       |       |       |       |       |       |       |       ||    14
         Ring mail         |    27 |    48 |    66 |       |       |       |       |       |       ||   141
         Scale mail        |       |       |    36 |   177 |   703 |   530 |   641 |   480 |   356 ||  2923
         Acid dragon scale |       |       |       |    50 |       |       |       |       |       ||    50
         Skin              |       |       |       |       |    25 |       |       |       |       ||    25
         Plate armour      |       |       |       |       |       |       |       |       |   592 ||   592
  Dodge: Dodged            |    72 |    86 |   158 |   222 |   500 |   584 |   523 |   460 |   700 ||  3305
  Block: Other             |       |    21 |    48 |    24 |       |       |       |       |       ||    93
         Kite shield       |       |       |       |    84 |       |   738 |  1255 |  1104 |   790 ||  3971
         Buckler           |       |       |       |   141 |   528 |   242 |       |       |       ||   911
         Reflection        |       |       |       |     2 |     6 |    32 |       |       |       ||    40
         Tower shield      |       |       |       |       |       |       |       |       |  1934 ||  1934

Table legend: (Time is in decaauts)
 A = Elapsed time spent in this place.
 B = Non-inter-level travel time spent in this place.
 C = Inter-level travel time spent in this place.
 D = Time resting spent in this place.
 E = Time spent auto-exploring this place.
 F = Levels seen in this place.
 G = Mean time per level.
                   A        B        C        D        E       F      G
               +--------+--------+--------+--------+--------+-----+--------+
         Total | 103009 |  90132 |  12877 |  21040 |  42497 |  77 | 1337.8 |
       Dungeon |  22907 |  18288 |   4619 |   3243 |  11152 |  15 | 1527.1 |
        Temple |     71 |     53 |     18 |      0 |     22 |   1 |   71.0 |
          Lair |   8577 |   7331 |   1246 |   1550 |   3971 |   5 | 1715.4 |
         Swamp |   3534 |   3189 |    345 |     14 |   2366 |   4 |  883.5 |
     Snake Pit |   5371 |   4673 |    698 |    246 |   3298 |   4 | 1342.8 |
  Orcish Mines |   1987 |   1634 |    353 |      0 |   1112 |   2 |  993.5 |
   Elven Halls |   4954 |   4704 |    250 |   1075 |   2126 |   3 | 1651.3 |
        Vaults |  11886 |   8671 |   3215 |   2009 |   4475 |   5 | 2377.2 |
         Crypt |   6115 |   5774 |    341 |   2424 |    932 |   3 | 2038.3 |
        Depths |   7298 |   6101 |   1197 |    817 |   3533 |   4 | 1824.5 |
           Zot |  12329 |  11738 |    591 |   5406 |   2816 |   5 | 2465.8 |
         Abyss |   2268 |   2268 |      0 |    301 |    274 |   5 |  453.6 |
   Pandemonium |  11340 |  11340 |      0 |   3423 |   4284 |   7 | 1620.0 |
      Ziggurat |    901 |    901 |      0 |     43 |    481 |   9 |  100.1 |
        Bazaar |    177 |    177 |      0 |      0 |     75 |   1 |  177.0 |
         Trove |    192 |    192 |      0 |      0 |     74 |   1 |  192.0 |
         Sewer |    686 |    686 |      0 |    108 |    412 |   1 |  686.0 |
        Wizlab |   1952 |   1952 |      0 |    377 |    876 |   1 | 1952.0 |
      Gauntlet |    454 |    454 |      0 |      0 |    214 |   1 |  454.0 |
               +--------+--------+--------+--------+--------+-----+--------+

Top non-repeatable levels by time:
   Zot:5: 4629 daAuts
    D:11: 3542 daAuts
Vaults:1: 3130 daAuts
   Zot:4: 2977 daAuts
  Lair:5: 2772 daAuts
 Crypt:3: 2771 daAuts
Depths:4: 2502 daAuts
Vaults:2: 2400 daAuts
    D:15: 2386 daAuts
    D:14: 2360 daAuts
Vaults:5: 2320 daAuts
Vaults:3: 2307 daAuts
 Abyss:2: 2268 daAuts
  Lair:2: 2140 daAuts
   Zot:2: 2074 daAuts
